 Dungeon Crawl Stone Soup version 0.29-a0-892-g2c4c91d9db (webtiles) character file.

Game seed: 9339148392964567651

10059 Pooter the Cleaver (level 11, -16/145 HPs)
             Began as a Minotaur Berserker on July 22, 2022.
             Was a Priest of Trog.
             Demolished by a komodo dragon (26 damage)
             ... on level 10 of the Dungeon on July 23, 2022.
             The game lasted 00:57:14 (8550 turns).

Pooter the Cleaver (Minotaur Berserker)             Turns: 8550, Time: 00:57:14

Health: -16/145    AC: 17    Str: 23    XL:     11   Next: 31%
Magic:  10/10      EV:  7    Int:  6    God:    Trog [***...]
Gold:   191        SH:  0    Dex: 17    Spells: 10/10 levels left

rFire   . . .      SeeInvis +   W - +3 scimitar (flame)
rCold   . . .      Faith    .   (no shield)
rNeg    . . .      Spirit   .   M - +3 plate armour
rPois   .          Reflect  .   (helmet restricted)
rElec   .          Harm     .   s - +1 cloak
rCorr   .          Rampage  .   (no gloves)
Will    ++...                   (no boots)
Stlth   ..........              o - amulet of regeneration
HPRegen 2.14/turn               j - +6 ring of dexterity
MPRegen 0.12/turn               S - ring of see invisible

@: mighty, berserking, strong-willed, regenerating, very quick
A: horns 2, retaliatory headbutt
a: Renounce Religion, Berserk, Trog's Hand


You were on level 10 of the Dungeon.
You worshipped Trog.
Trog was most pleased with you.
You visited 1 branch of the dungeon, and saw 10 of its levels.

You collected 603 gold pieces.
You spent 412 gold pieces at shops.

Inventory:

Hand Weapons
 a - a +0 battleaxe
   (You found it on level 10 of the Dungeon)
 b - a +0 arbalest
   (You took it off an orc warrior on level 9 of the Dungeon)
 H - a +0 trident
   (You took it off an orc on level 7 of the Dungeon)
 K - a +5 halberd
   (You took it off a wight on level 6 of the Dungeon)
 P - a +3 war axe
   (You took it off an orc on level 3 of the Dungeon)
 V - a +0 sling
   (You found it on level 1 of the Dungeon)
 W - a +3 scimitar of flaming (weapon)
   (You took it off Erica on level 10 of the Dungeon)
Missiles
 k - 52 poisoned darts (quivered)
 x - 7 boomerangs
 Q - 78 stones
Armour
 h - the +1 robe of the Arcane {rElec Str+2}
   (You found it on level 2 of the Dungeon)

   Str:       It affects your strength (+2).
   rElec:     It insulates you from electricity.
 s - a +1 cloak (worn)
   (You found it on level 3 of the Dungeon)
 w - a +0 buckler
   (You found it on level 3 of the Dungeon)
 M - a +3 plate armour (worn)
   (You took it off an orc warrior on level 7 of the Dungeon)
Jewellery
 j - a +6 ring of dexterity (left hand)
   (You found it on level 2 of the Dungeon)
 o - an amulet of regeneration (around neck)
   (You found it on level 2 of the Dungeon)
 y - a ring of flight
   (You found it on level 5 of the Dungeon)
 A - the ring "Niarov" {rPois Will+ MP+9 Dex+5}
   (You found it on level 10 of the Dungeon)

   [ring of magical power]

   Dex:       It affects your dexterity (+5).
   rPois:     It protects you from poison.
   MP:        It affects your magic capacity (+9).
   Will:      It increases your willpower.
 C - a ring of resist corrosion
   (You found it on level 3 of the Dungeon)
 S - a ring of see invisible (right hand)
   (You found it on level 6 of the Dungeon)
Wands
 d - a wand of iceblast (6)
   (You found it on level 6 of the Dungeon)
 f - a wand of flame (17)
   (You found it on level 2 of the Dungeon)
 L - a wand of light (5)
   (You found it on level 6 of the Dungeon)
 R - a wand of charming (2)
   (You found it on level 8 of the Dungeon)
Scrolls
 e - 2 scrolls of noise {!r}
 g - 3 scrolls of immolation {!r}
 p - a scroll of summoning
 r - a scroll of blinking
 t - 2 scrolls of teleportation {@r4}
 E - a scroll of vulnerability {!r}
 G - 3 scrolls of butterflies
 J - 2 scrolls of fear
 O - 3 scrolls of magic mapping
Potions
 c - 7 potions of curing {@q1}
 l - 2 potions of magic
 m - a potion of brilliance {unknown}
 n - a potion of resistance
 q - 3 potions of haste {@q3}
 u - 2 potions of ambrosia {unknown}
 v - 2 potions of mutation {!q}
 z - 3 potions of flight
 B - 2 potions of lignification {unknown}
 D - a potion of might
 F - a potion of cancellation {unknown}
 I - a potion of invisibility {unknown}
 N - 2 potions of heal wounds {@q2}
 U - a potion of degeneration {unknown}
Miscellaneous
 T - a phantom mirror
   (You found it on level 7 of the Dungeon)


   Skills:
 + Level 9.2 Fighting
 * Level 12.2 Axes
 * Level 10.7 Ranged Weapons
 + Level 4.3 Armour
 - Level 2.1 Dodging
 - Level 4.9 Stealth
 + Level 5.6 Evocations


You had 10 spell levels left.
You didn't know any spells.
Your spell library was empty.

Dungeon Overview and Level Annotations

Branches:
Dungeon (10/15)            Temple (0/1) D:6
   Lair: D:8-11         Orc: D:9-12

Altars:
Elyvilon
Wu Jian

Shops:
D:7 ?   D:10 *

Annotations:
D:2 1 runed translucent door, Crazy Yiuf
D:6 2 transporters, dang3rdave's ghost, novice GrTm
D:7 4 runed translucent doors


Innate Abilities, Weirdness & Mutations

You have a pair of horns on your head.
You reflexively headbutt those who attack you in melee.


Message History

The seven-headed hydra completely misses you.
The seven-headed hydra bites you but does no damage.
You hit the seven-headed hydra.
Your headbutt misses the seven-headed hydra.
The komodo dragon bites you but does no damage.
The yak gores you.
* * * LOW HITPOINT WARNING * * *
You slice one of the seven-headed hydra's heads off!
The six-headed hydra grows two more!
You impale the eight-headed hydra!! You headbutt the eight-headed hydra!
The eight-headed hydra bites you but does no damage. x5
The eight-headed hydra barely misses you.
The eight-headed hydra bites you.
* * * LOW HITPOINT WARNING * * *
The eight-headed hydra bites you but does no damage.
The komodo dragon barely misses you.
You barely miss the eight-headed hydra. The yak gores you.
* * * LOW HITPOINT WARNING * * *
The eight-headed hydra barely misses you.
You furiously retaliate!
You headbutt the eight-headed hydra! The eight-headed hydra bites you.
* * * LOW HITPOINT WARNING * * *
The eight-headed hydra bites you.
* * * LOW HITPOINT WARNING * * *
The eight-headed hydra bites you.
* * * LOW HITPOINT WARNING * * *
The eight-headed hydra bites you but does no damage. x2
The eight-headed hydra bites you!
* * * LOW HITPOINT WARNING * * *
The eight-headed hydra bites you but does no damage.
You chop one of the eight-headed hydra's heads off!
The seven-headed hydra grows two more!
You puncture the nine-headed hydra!
The komodo dragon completely misses you.
The yak gores you but does no damage.
The nine-headed hydra bites you but does no damage.
The nine-headed hydra closely misses you.
The nine-headed hydra bites you.
* * * LOW HITPOINT WARNING * * *
The nine-headed hydra bites you.
* * * LOW HITPOINT WARNING * * *
The nine-headed hydra bites you.
* * * LOW HITPOINT WARNING * * *
The nine-headed hydra bites you but does no damage. x2
The nine-headed hydra barely misses you.
The nine-headed hydra bites you but does no damage.
Unknown command.
Your +3 scimitar of flaming bursts into flame!
W - a +3 scimitar of flaming (weapon)
The komodo dragon bites you!!
You die...

##.#....................
#####...##..#..........
#........#...)†.....
#.......###...#.##..
####....# ##..###...
#.....## #........
#..#...# ##.....)#
######## ######## #
##@### ..##YlDY#### ###
#....Y#Yl.#.##...
.......Y...#..## ###
#......Y[.....#.###.#
?...#...#..........### #
###..)..###..........###
##.#.# ##.#.###......
##$# ###..########


You could see a nine-headed hydra, a komodo dragon, 5 yaks and a basilisk.

Vanquished Creatures
  Josephine (D:10)
  A two-headed ogre (D:10)
  Erica (D:10)
  The ghost of Heh the Nimble, a novice MiGl of Dithmenos (D:5)
  A cyclops (D:7)
  3 gargoyles
  2 komodo dragons (D:10)
  A vampire (D:10)
  2 wyverns
  2 steam dragons
  5 wraiths
  Menkaure (D:6)
  A water moccasin (D:7)
  An acid dragon (D:10)
  6 orc warriors
  2 ice beasts (D:7)
  A sky beast (D:8)
  A black bear (D:6)
  5 centaurs
  3 ogres
  3 phantoms
  3 kobold brigands
  3 bullfrogs
  A necrophage (D:4)
  15 wights
  8 killer bees
  An orc priest (D:7)
  6 hounds
  2 jellies
  A gnoll bouda (D:7)
  3 iguanas
  15 orc wizards
  9 gnolls
  12 adders
  2 shadow imps
  An ufetubus (D:5)
  4 worms
  A dart slug (D:3)
  40 orcs
  4 bats
  6 endoplasms
  5 giant cockroaches
  3 goblins
  4 hobgoblins
  6 jackals
  4 quokkas
  6 ball pythons
  4 frilled lizards
  37 kobolds
  5 rats
255 creatures vanquished.

Vanquished Creatures (others)
  An orc wizard (D:8)
  56 plants (D:8)
57 creatures vanquished.

Grand Total: 312 creatures vanquished

Notes
Turn   | Place    | Note
-------+----------+-------------------------------------------
     0 | D:1      | Pooter the Minotaur Berserker began the quest for the Orb.
     0 | D:1      | Reached XP level 1. HP: 19/19 MP: 0/0
   577 | D:1      | Reached skill level 1 in Ranged Weapons
   587 | D:1      | Reached XP level 2. HP: 19/27 MP: 1/1
  1132 | D:2      | Reached skill level 4 in Axes
  1144 | D:2      | Identified the +1 robe of the Arcane {rElec Str+2}
  1303 | D:2      | Found a runed translucent door.
  1304 | D:2      | Noticed Crazy Yiuf
  1397 | D:2      | Reached XP level 3. HP: 33/33 MP: 2/2
  1584 | D:2      | Found a white marble altar of Elyvilon.
  1815 | D:3      | Reached ** piety under Trog
  1940 | D:3      | Reached XP level 4. HP: 40/40 MP: 3/3
  2026 | D:3      | Reached skill level 5 in Axes
  2155 | D:3      | Reached XP level 5. HP: 47/47 MP: 4/4
  2197 | D:3      | Identified the +1 leather armour of the Planets {Stlth+}
  2516 | D:4      | Reached XP level 6. HP: 55/55 MP: 5/5
  2703 | D:4      | Reached skill level 5 in Fighting
  2703 | D:4      | Reached skill level 6 in Axes
  2842 | D:5      | Entered Level 5 of the Dungeon
  2849 | D:4      | Reached *** piety under Trog
  2944 | D:5      | Reached skill level 1 in Stealth
  2944 | D:5      | Reached skill level 1 in Evocations
  2944 | D:5      | Reached XP level 7. HP: 41/61 MP: 6/6
  2964 | D:5      | Found a runed translucent door.
  2964 | D:5      | Noticed Heh's ghost (novice MiGl)
  2979 | D:5      | Killed Heh's ghost
  2980 | D:5      | Reached skill level 7 in Axes
  2980 | D:5      | Reached skill level 5 in Ranged Weapons
  3154 | D:5      | Reached XP level 8. HP: 70/70 MP: 7/7
  3589 | D:6      | Reached skill level 8 in Axes
  3711 | D:6      | Noticed Menkaure
  3724 | D:6      | Killed Menkaure
  3777 | D:6      | Found an ornate altar of the Wu Jian Council.
  4030 | D:6      | Reached XP level 9. HP: 77/78 MP: 8/8
  4328 | D:6      | Reached skill level 9 in Axes
  4368 | D:6      | Found a staircase to the Ecumenical Temple.
  4454 | D:6      | Noticed dang3rdave's ghost (novice GrTm)
  4458 | D:6      | Found a transporter.
  4463 | D:6      | Found a transporter.
  5179 | D:7      | Found a large runed translucent door.
  5179 | D:7      | Found a large runed translucent door.
  5188 | D:7      | Noticed a kobold demonologist
  5188 | D:7      | Noticed a two-headed ogre
  5216 | D:7      | Found a large runed translucent door.
  5216 | D:7      | Found a large runed translucent door.
  5420 | D:7      | Reached skill level 10 in Axes
  5452 | D:7      | Found Xuhatt's Magic Scroll Shop.
  5458 | D:7      | Bought a scroll of identify for 26 gold pieces
  5458 | D:7      | Bought a scroll of identify for 26 gold pieces
  5458 | D:7      | Bought a scroll of magic mapping for 97 gold pieces
  5458 | D:7      | Bought a scroll of magic mapping for 97 gold pieces
  5458 | D:7      | Bought a scroll of identify for 26 gold pieces
  5937 | D:7      | Noticed a cyclops
  5951 | D:7      | Killed a cyclops
  5952 | D:7      | Reached XP level 10. HP: 53/88 MP: 9/9
  6149 | D:8      | Noticed a gargoyle
  6170 | D:8      | Killed a gargoyle
  6623 | D:8      | Reached **** piety under Trog
  7336 | D:9      | Reached skill level 11 in Axes
  7374 | D:9      | Noticed a gargoyle
  7387 | D:9      | Killed a gargoyle
  7660 | D:10     | Entered Level 10 of the Dungeon
  7669 | D:10     | Reached skill level 5 in Evocations
  7685 | D:10     | Noticed Erica
  7693 | D:10     | Killed Erica
  7694 | D:10     | Reached skill level 10 in Ranged Weapons
  7781 | D:10     | Identified the ring "Niarov" {rPois Will+ MP+9 Dex+5}
  7808 | D:10     | Noticed a gargoyle
  7816 | D:10     | Killed a gargoyle
  7882 | D:10     | Noticed a two-headed ogre
  7891 | D:10     | Killed a two-headed ogre
  7892 | D:10     | Reached XP level 11. HP: 95/95 MP: 10/10
  7963 | D:10     | Noticed Josephine
  7972 | D:10     | Killed Josephine
  7978 | D:10     | Reached skill level 12 in Axes
  8311 | D:10     | Found Mule's General Store.
  8314 | D:10     | Bought a scroll of identify for 28 gold pieces
  8314 | D:10     | Bought 2 potions of curing for 84 gold pieces
  8314 | D:10     | Bought a scroll of identify for 28 gold pieces
  8532 | D:10     | Noticed a five-headed hydra
  8550 | D:10     | Demolished by a komodo dragon

Illustrated notes

Levels and vault maps discovered:
D:1:      giann_wishing_wells, layout_loops_corners, minivault_14
D:2:      layout_rooms, basic_altar, uniq_crazy_yiuf_cottage
D:3:      layout_rooms
D:4:      minmay_chambers_of_twos, layout_rooms
D:5:      layout_rooms, gammafunk_ghost_grave, corner_web_ring,
          kennysheep_generic_room_3
D:6:      layout_basic, lemuel_crystal_altar, temple_hall,
          gammafunk_ghost_arena, minmay_misc_feat_chi, uniq_menkaure
D:7:      layout_loops_corners, serial_shops, kennysheep_little_box,
          nrook_campfire, hangedman_decor_clover_reticule,
          minmay_hollow_rounded_squares
D:8:      kennysheep_kobold_camp, layout_rooms
D:9:      layout_roguey
D:10:     layout_cave_pools, erik_lair_dragon, serial_shops, kennysheep_mini,
          serial_bayou_pond_d, uniq_josephine, uniq_erica

Skill      XL: |  1  2  3  4  5  6  7  8  9 10 11 |
---------------+----------------------------------+-----
Ranged Weapons | 1 2 3 4 5 7 8 10 | 10.7
Axes           | 4 5 6 7 8 10 11 12 | 12.2
Fighting       | 4 5 6 7 8 9 |  9.2
Stealth        | 1 3 4 |  4.9
Evocations     | 1 2 3 4 5 |  5.6
Armour         | 3 4 |  4.3
Dodging        | |  2.1

Action                   |  1- 3 |  4- 6 |  7- 9 | 10-12 || total
-------------------------+-------+-------+-------+-------++-------
Melee: Hand axe          |    51 |     7 |       |       ||    58
       Headbutt          |     6 |    12 |    31 |    41 ||    90
       War axe           |       |    70 |   215 |   165 ||   450
       Battleaxe         |       |       |       |    12 ||    12
       Halberd           |       |       |       |     6 ||     6
       Punch             |       |       |       |     2 ||     2
 Fire: Sling             |    64 |    32 |    65 |    24 ||   185
       Arbalest          |       |       |       |    19 ||    19
Throw: Boomerang         |       |     3 |    15 |       ||    18
       Dart              |       |       |       |    23 ||    23
Invok: Trog's Hand       |       |     2 |     9 |    11 ||    22
       Berserk           |       |     1 |     7 |     4 ||    12
Evoke: Wand              |       |       |     8 |     3 ||    11
  Use: Scroll            |     4 |     4 |    10 |     6 ||    24
       Potion            |       |       |       |     2 ||     2
 Stab: Sleeping          |     1 |     1 |       |       ||     2
       Invisible         |       |       |       |     2 ||     2
Armor: Animal skin       |     9 |       |       |       ||     9
       Robe              |    14 |    20 |     5 |       ||    39
       Scale mail        |       |       |    43 |       ||    43
       Plate armour      |       |       |    33 |   144 ||   177
Dodge: Dodged            |    42 |    39 |    93 |    67 ||   241
Block: Buckler           |       |     6 |    27 |    18 ||    51

Table legend: (Time is in decaauts)
 A = Elapsed time spent in this place.
 B = Non-inter-level travel time spent in this place.
 C = Inter-level travel time spent in this place.
 D = Time resting spent in this place.
 E = Time spent auto-exploring this place.
 F = Levels seen in this place.
 G = Mean time per level.
                   A        B        C        D        E       F      G
               +--------+--------+--------+--------+--------+-----+--------+
         Total |   8743 |   8535 |    208 |   1135 |   5374 |  10 |  874.3 |
       Dungeon |   8743 |   8535 |    208 |   1135 |   5374 |  10 |  874.3 |
               +--------+--------+--------+--------+--------+-----+--------+

Top non-repeatable levels by time:
     D:7: 1468 daAuts
     D:6: 1163 daAuts
     D:1: 1122 daAuts
    D:10: 934 daAuts
     D:8: 842 daAuts
     D:9: 751 daAuts
     D:2: 700 daAuts
     D:5: 689 daAuts
     D:3: 549 daAuts
     D:4: 521 daAuts
